 Dungeon Crawl Stone Soup version 0.23.2-1-ga50397a6bc (webtiles) character file.

Game seed: 16401436276512368102

32 Foic the Sneak (level 3, 0/16 HPs)
             Began as a Vine Stalker Enchanter on May 26, 2019.
             Succumbed to an adder's poison
             ... on level 2 of the Dungeon.
             The game lasted 00:03:49 (1013 turns).

Foic the Sneak (Vine Stalker Enchanter)             Turns: 1013, Time: 00:03:50

Health: 0/16       AC:  2    Str: 10    XL:     3   Next: 25%
Magic:  3/7        EV: 12    Int: 15    God:
Gold:   80         SH:  0    Dex: 15    Spells: 5/6 levels left

rFire    . . .     SeeInvis .   a - +1 dagger
rCold    . . .     Gourm    .   (no shield)
rNeg     . . .     Faith    .   b - +0 robe
rPois    .         Spirit   +   (no helmet)
rElec    .         Reflect  .   (no cloak)
rCorr    .         Harm     .   (no gloves)
MR       .....                  (no boots)
Stlth    +++.......             (no amulet)
HPRegen  0.05/turn              (no ring)
MPRegen  0.10/turn              (no ring)

@: lethally poisoned (0 -> -2)
A: fangs 2, magic shield, antimagic bite, no potion heal 3, rot immunity
a: no special abilities


You were on level 2 of the Dungeon.
You were very full.

You visited 1 branch of the dungeon, and saw 2 of its levels.

You collected 80 gold pieces.

Inventory:

Hand Weapons
 a - a +1 dagger (weapon)
Armour
 b - a +0 robe (worn)
 g - a +0 leather armour
Scrolls
 c - a scroll of noise {unknown}
 e - a scroll of remove curse {unknown}
 h - a scroll of identify {unknown}
 i - a scroll of magic mapping {unknown}
 j - a scroll of fear {unknown}
 k - a scroll of teleportation {unknown}
Comestibles
 f - a chunk of flesh


   Skills:
 + Level 0.2 Fighting
 + Level 1.0 Short Blades
 * Level 1.6 Dodging
 * Level 4.9 Stealth
 + Level 2.3 Spellcasting
 + Level 3.1 Hexes


You had 5 spell levels left.
You knew the following spells:

 Your Spells              Type           Power        Failure   Level  Hunger
a - Corona                Hex            ##.....      6%          1    #......

Your spell library contained the following spells:

 Spells                   Type           Power        Failure   Level  Hunger
 Ensorcelled Hibernation  Hex/Ice        #.....       17%         2    ###....
 Confuse                  Hex            ##......     19%         3    ###....
 Tukima's Dance           Hex            ##......     19%         3    ###....
 Dazzling Spray           Conj/Hex       #.....       34%         3    ###....


Dungeon Overview and Level Annotations

Branches:
Dungeon (2/15)

Altars:


Innate Abilities, Weirdness & Mutations

You have extremely sharp teeth.
When hurt, damage is shared between your health and your magic reserves.
Your bite disrupts and absorbs the magic of your enemies.
Potions cannot restore your health.
You are immune to rotting.


Message History

Your experience leads to an increase in your attributes!
Increase (S)trength, (I)ntelligence, or (D)exterity?
You feel agile.
* * * LOW HITPOINT WARNING * * *
You feel sick.
You aren't carrying any potions.
You see here an adder corpse.
You butcher the adder corpse.
* * * LOW HITPOINT WARNING * * *
You feel sick.
Things that are here:
a chunk of flesh; an adder skeleton
* * * LOW HITPOINT WARNING * * *
You feel sick.
You see here 6 gold pieces.
* * * LOW HITPOINT WARNING * * *
You feel sick.
You eat one of the 2 rations.
That ration really hit the spot!
You eat the ration.
That ration really hit the spot!
You die...

.............#.##.......##.
.............#.##...<......
.............#.##.......#
.............#..........####
.............#>.............
.....####.#####......######
..#### #.# #......# .. #.#
#......###### .
#.#####.@...........
#.##................
#.##.$..............
#.##.........##.....
#########.##.........# .....
..........##...%.....# ....
############....###### ####
#..........#.....
#.#.....##.#......


There were no monsters in sight!

Vanquished Creatures
  An adder (D:2)
  A dart slug (D:1)
  A leopard gecko (D:1)
  2 giant cockroaches (D:2)
  3 hobgoblins (D:1)
  A bat (D:1)
  2 frilled lizards (D:1)
  3 goblins
  2 kobolds
  6 rats
22 creatures vanquished.

Notes
Turn   | Place    | Note
-------+----------+-------------------------------------------
     0 | D:1      | Foic the Vine Stalker Enchanter began the quest for the
                  | Orb.
     0 | D:1      | Reached XP level 1. HP: 9/9 MP: 4/4
    50 | D:1      | Reached skill level 4 in Stealth
   122 | D:1      | Reached XP level 2. HP: 13/13 MP: 3/6
   828 | D:2      | Reached skill level 1 in Short Blades
  1000 | D:2      | Reached XP level 3. HP: 4/16 MP: 1/7
  1013 | D:2      | Succumbed to an adder's poison

Skill      XL: |  1  2 |
---------------+-------+-----
Stealth        | 4 |  4.9
Short Blades   | 1 |  1.0
Fighting       | |  0.2
Dodging        | |  1.6
Spellcasting   | |  2.3
Hexes          | |  3.1

Action                   || total
-------------------------++-------
Melee: Dagger            ||    55
       Bite              ||    10
 Cast: Corona            ||    18
 Stab: Sleeping          ||     6
  Eat: Chunk             ||     1
       Ration            ||     2
Armor: Robe              ||     6
Dodge: Dodged            ||    24
